Map: Emerald City LE

Players

BadMICROBe - Winner!

  • Race: Terran Terran
  • Spawn Location: 11:00

SiberianBUR - Winner!

  • Race: Protoss Protoss
  • League: Diamond
  • Spawn Location: 11:00

qqq

  • Race: Zerg Zerg
  • Spawn Location: 5:00

Massa

  • Race: Terran Terran
  • League: Platinum
  • Spawn Location: 5:00

VOD

Have the link to the VOD?

Description

Time

  • Played on: Feb. 12, 2021, 11:13 a.m.
  • Length: 12:07
Show
View Real Time Build Order
Export as new Build Order

BadMICROBe Terran - Winner!

Build Orders: 2 Factory, Hellion Opening 

Get SALT Encoding   

  12  0:00  SCV  
  13  0:12  SCV  
  14  0:18  Supply Depot  
  14  0:24  SCV  
  15  0:30  Refinery  
  15  0:40  SCV  
  16  0:46  Barracks  
  16  0:53  SCV  
  17  0:58  Refinery  
  17  1:05  SCV  
  18  1:17  SCV  
  19  1:34  Factory  
  19  1:38  Barracks Reactor  
  19  1:39  Orbital Command  
  19  1:46  Supply Depot  
  19  2:02  Factory  
  19  2:06  SCV  
  20  2:27  SCV  
  25  2:30  Hellion x2  
  25  2:39  Supply Depot  
  25  2:40  SCV  
  26  2:46  Factory Tech Lab  
  26  2:52  Hellion x2  
  26  2:53  SCV  
  31  3:10  Cyclone  
  34  3:14  Supply Depot  
  34  3:29  Hellion x2  
  38  3:35  SCV  
  39  3:42  Cyclone  
  42  3:50  Hellion, Command Center  
  42  3:51  SCV  
  45  3:59  Hellion  
  43  4:07  Engineering Bay  
  43  4:09  SCV  
  40  4:17  Cyclone  
  40  4:21  SCV  
  40  4:22  Supply Depot  
  44  4:33  Engineering Bay  
  44  4:34  SCV  
  45  4:41  Widow Mine  
  45  4:44  Widow Mine  
  49  4:47  Missile Turret  
  46  5:03  Cyclone  
  46  5:07  Starport  
  49  5:20  Barracks Tech Lab  
  49  5:21  SCV  
  51  5:22  Orbital Command  
  51  5:27  Missile Turret  
  50  5:32  Hellion  
  50  5:33  SCV  
  48  5:45  SCV  
  47  5:56  SCV  
  46  5:57  SCV  
  46  5:59  Cloaking Field  
  46  6:00  Banshee  
  50  6:05  Mag-Field Accelerator  
  50  6:09  SCV x2  
  52  6:17  Widow Mine, Cyclone  
  57  6:21  SCV x2  
  57  6:24  Refinery  
  57  6:25  Refinery  
  59  6:30  Supply Depot  
  59  6:33  SCV x2  
  61  6:43  Banshee  
  61  6:45  SCV  
  65  6:48  SCV  
  65  6:49  Cyclone  
  63  6:57  SCV  
  56  7:08  Hellion x2  
  55  7:11  Factory  
  55  7:12  SCV  
  55  7:13  SCV  
  55  7:14  Command Center  
  54  7:24  Cyclone  
  54  7:25  Banshee  
  60  7:31  SCV  
  60  7:35  SCV, Supply Depot  
  62  7:40  Hellion x2  
  62  7:42  Command Center  
  62  7:43  SCV  
  67  7:47  SCV  
  68  7:55  SCV  
  68  7:57  Factory Tech Lab  
  69  7:59  SCV  
  69  8:01  Factory  
  70  8:07  SCV  
  70  8:08  Refinery  
  70  8:11  SCV  
  72  8:16  Hellion x2  
  72  8:17  Cyclone  
  79  8:26  Refinery  
  79  8:37  Hellion  
  79  8:38  Hellion x2  
  85  8:42  SCV x2  
  85  8:45  SCV  
  88  8:49  Siege Tank  
  88  9:03  Factory Tech Lab, Cyclone  
  88  9:05  Orbital Command, SCV  
  88  9:06  SCV, Armory  
  88  9:08  Planetary Fortress  
  90  9:12  Hellion  
  92  9:18  SCV x2, Banshee  
  92  9:21  Cyclone  
  100  9:30  SCV x2  
  102  9:35  Siege Tank, Supply Depot  
  102  9:36  Supply Depot  
  102  9:37  Infernal Pre-Igniter  
  102  9:38  Armory  
  105  9:42  Supply Depot  
  105  9:44  Widow Mine  
  107  9:49  SCV x2  
  109  9:59  Factory  
  109  10:00  Orbital Command, Factory  
  109  10:03  Widow Mine, Hellbat  
  113  10:08  Terran Vehicle And Ship Armor Level 1, Supply Depot x2  
  113  10:24  Hellbat x2, Siege Tank x2  
  117  10:43  Factory Tech Lab x2  
  117  10:47  SCV x3  
  120  10:52  Refinery, Siege Tank  
  120  10:56  Refinery, Siege Tank  
  126  11:05  Supply Depot  
  93  11:14  Cyclone, Hellbat x2  
  92  11:19  SCV x3, Hellbat, Siege Tank  
  92  11:23  SCV  
  92  11:24  Siege Tank  
  92  11:25  Factory x2  
  104  11:28  Siege Tank  
  104  11:31  SCV x2  
  109  11:34  Supply Depot  
  103  11:42  Missile Turret  
  103  11:43  Factory  
  101  11:47  Starport Reactor  
  101  11:50  Supply Depot  
  117  12:03  Missile Turret  
Show
View Real Time Build Order
Export as new Build Order

SiberianBUR Protoss - Winner!

Build Orders: Cannon Rush, Carriers 

Get SALT Encoding   

  12  0:00  Probe (Chrono Boost)  
  13  0:13  Pylon  
  13  0:15  Probe  
  14  0:27  Probe  
  15  0:35  Forge  
  15  0:39  Probe  
  16  0:51  Probe  
  17  1:03  Probe  
  18  1:06  Pylon  
  18  1:25  Photon Cannon  
  18  1:27  Pylon  
  18  1:29  Pylon  
  18  1:32  Photon Cannon  
  18  1:48  Pylon  
  18  1:49  Photon Cannon  
  18  2:02  Probe  
  19  2:09  Pylon  
  19  2:26  Nexus  
  19  2:30  Probe  
  20  2:39  Photon Cannon  
  20  2:42  Probe  
  21  2:52  Gateway  
  21  2:54  Probe  
  22  3:06  Probe, Photon Cannon  
  23  3:19  Probe  
  23  3:25  Pylon  
  23  3:29  Assimilator x2  
  23  3:31  Probe  
  24  3:37  Assimilator  
  24  3:39  Probe  
  25  3:43  Probe  
  25  3:44  Assimilator  
  26  3:48  Photon Cannon  
  26  3:51  Probe  
  26  3:55  Probe  
  28  4:02  Cybernetics Core  
  28  4:03  Probe  
  28  4:07  Probe (Chrono Boost)  
  30  4:15  Probe (Chrono Boost)  
  31  4:20  Probe (Chrono Boost)  
  32  4:25  Pylon  
  32  4:26  Probe (Chrono Boost)  
  32  4:28  Probe (Chrono Boost)  
  34  4:31  Probe (Chrono Boost)  
  34  4:33  Probe  
  36  4:43  Stargate  
  36  4:44  Stargate  
  36  4:52  Protoss Air Weapons Level 1 (Chrono Boost)  
  36  4:58  Probe  
  37  5:02  Probe, Pylon  
  38  5:10  Probe  
  38  5:13  Stargate  
  39  5:21  Void Ray  
  39  5:25  Void Ray (Chrono Boost)  
  43  5:32  Probe x2  
  48  5:44  Probe  
  48  5:48  Shield Battery  
  48  5:49  Void Ray (Chrono Boost), Shield Battery  
  49  5:50  Pylon  
  49  5:54  Probe  
  49  5:55  Void Ray (Chrono Boost)  
  62  6:12  Probe x2, Void Ray (Chrono Boost)  
  64  6:24  Probe  
  65  6:27  Fleet Beacon  
  65  6:30  Probe  
  66  6:41  Void Ray  
  70  7:02  Flux Vanes  
  70  7:19  Pylon  
  70  7:20  Pylon  
  70  7:22  Pylon  
  70  7:24  Pylon  
  70  7:28  Pylon x2  
  70  7:31  Void Ray x2  
  78  7:41  Void Ray  
  78  7:46  Protoss Air Weapons Level 2 (Chrono Boost)  
  82  7:54  Nexus  
  82  7:55  Assimilator  
  82  7:57  Assimilator  
  78  8:08  Void Ray  
  74  8:16  Void Ray  
  78  8:52  Probe x2  
  84  9:01  Carrier x2 (Chrono Boost)  
  80  9:04  Probe x2  
  86  9:16  Probe  
  86  9:17  Probe  
  88  9:21  Carrier  
  88  9:23  Probe  
  95  9:28  Probe  
  95  9:29  Probe  
  97  9:34  Nexus  
  97  9:35  Probe  
  97  9:37  Assimilator  
  97  9:38  Assimilator  
  98  9:40  Pylon  
  98  9:41  Probe x2, Pylon  
  98  9:42  Pylon  
  100  9:47  Probe  
  100  9:52  Stargate  
  101  9:53  Probe x2  
  101  9:58  Protoss Shields Level 1 (Chrono Boost), Carrier  
  101  9:59  Probe  
  110  10:01  Pylon  
  110  10:03  Pylon  
  110  10:05  Probe  
  111  10:08  Probe  
  111  10:11  Probe  
  113  10:17  Probe  
  113  10:20  Probe  
  115  10:25  Probe  
  116  10:29  Probe  
  117  10:40  Carrier  
  123  10:44  Probe x3  
  126  10:51  Carrier  
  126  10:56  Probe  
  133  10:59  Carrier  
  145  11:13  Probe x3  
  148  11:24  Nexus  
  148  11:27  Pylon  
  148  11:30  Assimilator  
  148  11:34  Assimilator  
Show
View Real Time Build Order
Export as new Build Order

qqq Zerg 

Build Orders: Hatch First 

Get SALT Encoding   

  12  0:01  Drone  
  13  0:08  Drone  
  14  0:29  Overlord  
  14  0:45  Hatchery  
  14  0:49  Drone  
  14  0:54  Drone  
  15  0:58  Drone  
  15  1:03  Drone  
  17  1:17  Drone  
  18  1:33  Drone x2  
  21  2:07  Hatchery  
  19  2:14  Hatchery  
  18  2:16  Spawning Pool  
  18  2:17  Extractor  
  16  2:26  Drone  
  16  2:27  Overlord  
  16  2:29  Drone  
  18  2:38  Drone  
  19  2:59  Overlord  
  19  3:10  Queen  
  19  3:12  Zergling x4  
  24  3:20  Zergling x2  
  24  3:22  Metabolic Boost  
  24  3:25  Hatchery  
  24  3:35  Roach Warren  
  24  3:38  Drone x2  
  24  3:40  Extractor  
  24  3:46  Drone x2  
  26  3:55  Zergling x4  
  28  4:04  Lair  
  28  4:11  Drone  
  28  4:16  Roach  
  28  4:17  Roach  
  33  4:18  Roach  
  33  4:23  Roach  
  37  4:26  Roach  
  38  4:50  Roach x5  
  49  4:52  Drone  
  45  5:01  Roach  
  45  5:07  Spine Crawler  
  46  5:10  Roach  
  48  5:15  Overlord  
  48  5:28  Overlord  
  40  5:53  Roach x3  
  40  5:54  Roach x4  
  52  6:17  Overlord  
  52  6:23  Hatchery  
  52  6:24  Overlord  
  51  6:26  Ravager  
  52  6:35  Overlord  
  33  7:14  Roach x4  
  33  7:15  Roach  
  33  7:20  Hydralisk Den  
  32  7:23  Drone x4  
  32  7:24  Drone  
  32  7:27  Drone  
  38  7:30  Drone  
  38  7:35  Drone  
  40  7:38  Drone  
  40  7:42  Drone  
  42  7:48  Drone  
  43  7:52  Muscular Augments  
  43  7:56  Hydralisk  
  45  8:01  Hydralisk  
  47  8:09  Drone x3  
  50  8:17  Spore Crawler  
  50  8:19  Overseer  
  43  8:25  Hydralisk  
  43  8:33  Hydralisk x2  
  43  8:42  Spore Crawler  
  43  8:47  Hydralisk  
  40  9:07  Drone x5  
  43  9:14  Drone  
  43  9:16  Drone  
  45  9:19  Drone  
  46  9:28  Drone x2  
  46  9:29  Drone  
  49  9:31  Drone  
  49  9:35  Hydralisk  
  52  9:41  Grooved Spines  
  52  9:51  Extractor, Drone  
  52  9:52  Drone, Extractor  
  52  9:53  Drone  
  52  9:57  Drone  
  54  10:01  Hydralisk  
  56  10:20  Evolution Chamber  
  56  10:21  Hydralisk x2, Evolution Chamber  
  54  10:25  Hydralisk  
  59  10:32  Hydralisk x2  
  63  10:42  Hydralisk  
  65  10:48  Hydralisk x2  
  67  10:53  Hydralisk  
  61  11:17  Hydralisk x3  
  67  11:28  Hydralisk  
  69  11:32  Overseer  
  69  11:36  Spore Crawler  
  69  11:38  Hydralisk  
Show
View Real Time Build Order
Export as new Build Order

Massa Terran 

Build Orders:  

Get SALT Encoding   

  12  0:00  SCV  
  13  0:12  SCV  
  14  0:23  Supply Depot  
  14  0:24  SCV  
  15  0:37  Refinery  
  15  0:45  SCV  
  15  0:46  Barracks  
  16  0:57  SCV  
  17  1:09  SCV  
  18  1:21  SCV  
  19  1:58  Orbital Command  
  19  2:00  Reaper  
  20  2:04  Factory  
  20  2:13  Supply Depot  
  20  2:14  Supply Depot  
  20  2:34  SCV, Marine  
  22  2:39  Barracks  
  22  2:41  Barracks  
  22  2:49  Factory Tech Lab  
  22  2:50  SCV  
  23  2:52  Marine  
  24  3:10  Marine  
  25  3:14  SCV  
  26  3:23  Siege Tank  
  26  3:26  SCV  
  30  3:29  Marine  
  30  3:30  Marine  
  31  3:37  Supply Depot  
  31  3:40  Supply Depot  
  31  3:42  Starport  
  31  3:47  Refinery  
  31  3:55  Marine  
  31  3:59  SCV, Marine x2  
  34  4:13  Marine  
  34  4:14  Cyclone  
  34  4:16  Marine x2  
  39  4:24  Engineering Bay  
  40  4:25  Supply Depot  
  40  4:31  Marine  
  40  4:34  Marine  
  41  4:43  Barracks Reactor  
  41  4:49  Marine  
  41  4:52  Cyclone, Marine  
  46  5:12  Barracks Reactor, Barracks Tech Lab  
  46  5:13  Medivac  
  48  5:28  Marine x2  
  50  5:43  Marine  
  50  5:45  Marine  
  50  5:46  Marine  
  53  5:50  Medivac  
  55  5:57  Command Center  
  55  6:11  Supply Depot, Stimpack  
  55  6:13  Supply Depot  
  55  6:32  Marine x2  
  55  6:33  Siege Tank  
  55  6:35  Supply Depot  
  50  6:48  Marine x2  
  50  6:49  Marine  
  50  6:50  Marine x2  
  42  7:11  Cyclone, Marine  
  42  7:12  Marine x4  
  50  7:25  SCV x2  
  50  7:26  Missile Turret  
  50  7:29  Marine  
  53  7:30  Marine x3  
  53  7:34  Missile Turret  
  56  7:37  SCV  
  56  7:38  Terran Infantry Weapons Level 1  
  56  7:43  Cyclone  
  60  7:44  Marine  
  60  7:47  Marine  
  60  7:50  Combat Shield  
  59  8:06  SCV x2  
  61  8:18  SCV x2  
  63  8:23  Starport Reactor  
  63  8:26  Marine x4  
  63  8:27  Marine  
  67  8:30  SCV  
  67  8:31  SCV  
  69  8:44  Marine  
  67  9:06  Supply Depot x3  
  67  9:08  Supply Depot  
  67  9:10  Orbital Command  
  67  9:16  Concussive Shells  
  67  9:25  Missile Turret  
  67  9:27  Cyclone, Marine x4, Medivac x2  
  67  9:30  SCV  
  79  9:42  SCV  
  80  9:49  Supply Depot  
  80  9:52  Supply Depot  
  80  9:54  SCV  
  80  9:57  Terran Infantry Armor Level 1  
  80  9:59  Cyclone  
  84  10:02  Armory  
  84  10:03  Medivac  
  84  10:06  Marine x2  
  84  10:07  Marine  
  88  10:12  Supply Depot  
  89  10:14  Supply Depot  
  89  10:16  Refinery  
  89  10:19  Refinery  
  89  10:28  Medivac  
  89  10:32  SCV x2  
  89  10:33  Medivac  
  95  10:37  Supply Depot  
  95  10:44  SCV  
  95  10:45  SCV  
  94  10:58  Medivac  
  79  11:48  Marine x3  
  79  11:49  Marine x2  
Tags
 
Add a new tag
Caveats
  • Supply blocks, unpowered buildings, or Contaminate may cause inaccurate times.
  • Supply counts are checked every 10 seconds.